 Dungeon Crawl Stone Soup version 0.30.0-30-g96aa6591b8 (webtiles) character file.

Game seed: 11669973262633395223

56 AgateBread the Chopper (level 3, -3/21 (31) HPs)
             Began as a Hill Orc Reaver on June 30, 2023.
             Slain by a worm (4 damage)
             ... on level 2 of the Dungeon.
             The game lasted 00:07:53 (1257 turns).

AgateBread the Chopper (Hill Orc Reaver)            Turns: 1257, Time: 00:07:54

HP:   -3/21 (31)    AC:  3    Str: 14    XL:     3   Next: 97%
MP:   2/5           EV: 11    Int: 15    God:
Gold: 165           SH:  0    Dex: 13    Spells: 4/5 levels left

rFire   . . .        e - +0 hand axe of Disaster {flame, Dex+4}
rCold   . . .        (no shield)
rNeg    . . .        b - +0 leather armour
rPois   +            (no helmet)
rElec   .            (no cloak)
rCorr   .            (no gloves)
SInv    .            (no boots)
Will    .....        (no amulet)
Stlth   +            h - ring of poison resistance
HPRegen 0.23/turn    (no ring)
MPRegen 0.09/turn

%: no passive effects
@: very slightly contaminated, very heavily drained
A: no striking features
a: no special abilities


You were on level 2 of the Dungeon.
You visited 1 branch of the dungeon, and saw 2 of its levels.

You collected 165 gold pieces.

Inventory:

Hand Weapons
 a - a +0 hand axe
 e - the +0 hand axe of Disaster (weapon) {flame, Dex+4}
   (You found it on level 2 of the Dungeon)

   Dex:       It affects your dexterity (+4).
Missiles
 g - a boomerang
Armour
 b - a +0 leather armour (worn)
Jewellery
 h - a ring of poison resistance (left hand)
Scrolls
 c - 2 scrolls of identify {unknown}
 i - a scroll of noise {unknown}


   Skills:
 + Level 3.4 Fighting
 - Level 4.4 Axes
 + Level 1.2 Armour
 - Level 1.5 Dodging
 - Level 1.5 Spellcasting
 + Level 3.6 Conjurations


You had 4 spell levels left.
You knew the following spells:

 Your Spells              Type           Power      Damage    Failure   Level
a - Kiss of Death         Conj/Necr      24%        2d7       14%         1

Your spell library contained the following spells:

 Spells                   Type           Power      Damage    Failure   Level
 Momentum Strike          Conj/Tloc      12%        3d8       21%         2
 Hailstorm                Conj/Ice       6%         3d4       38%         3
 Cigotuvi's Dreadful Rot  Necr/Pois/Air  2%         N/A       41%         2
 Ozocubu's Armour         Ice            1%         N/A       65%         3
 Portal Projectile        Hex/Tloc       2%         N/A       65%         3
 Tukima's Dance           Hex            1%         N/A       65%         3
 Dispel Undead            Necr           1%         3d6       96%         4
 Blade Hands              Tmut           0%         N/A       100%        5
 Death Channel            Necr           0%         N/A       100%        6
 Ozocubu's Refrigeration  Ice            0%         4d7       100%        7


Dungeon Overview and Level Annotations

Branches:
Dungeon (2/15)

Altars:


Message History

Aim: a goblin, wielding a +0 sling (50% to hit)
You throw a boomerang.
The boomerang closely misses the goblin.
The goblin shoots a sling bullet.
The sling bullet closely misses you.
Throw: 2 boomerangs
Press: ? - help, Q - select action, (/) - cycle Shift-Dir - straight line, f/p - goblin
Aim: a goblin, wielding a +0 sling (50% to hit)
You throw a boomerang.
The boomerang closely misses the goblin.
The goblin shoots a sling bullet.
The sling bullet misses you.
Aiming: Kiss of Death (safe; 14% risk of failure)
Press: ? - help, Q - select action, (/) - cycle Shift-Dir - straight line, f - worm, p - goblin
Aim: a worm (heavily wounded, 100% to hit)
The negative energy hits the worm!
The worm is drained!
You kill the worm!
You feel drained.
The goblin shoots a sling bullet.
The sling bullet hits you.
* * * LOW HITPOINT WARNING * * *
Aiming: Kiss of Death (safe; 14% risk of failure)
Press: ? - help, Q - select action, (/) - cycle Shift-Dir - straight line, f - worm
Aim: a worm (100% to hit)
The negative energy hits the worm!
The worm is drained!
The worm is heavily wounded.
You feel drained.
The goblin shoots a sling bullet.
The sling bullet hits you but does no damage.
The worm bites you but does no damage.
Aiming: Kiss of Death (safe; 14% risk of failure)
Press: ? - help, Q - select action, (/) - cycle Shift-Dir - straight line, f/p - worm
Aim: a worm (heavily wounded, lightly drained, 100% to hit)
You miscast Kiss of Death.
You are very lightly contaminated with residual magic.
Nothing appears to happen.
The goblin shoots a sling bullet.
The sling bullet closely misses you.
You hit the worm. You burn the worm.
The worm is severely wounded.
The goblin shoots a sling bullet.
The sling bullet hits you.
* * * LOW HITPOINT WARNING * * *
The worm bites you.
You die...

. ............... ##.
..........)..<.
..###.............
...#............. ..#
#.............# ...
#............# ..#
#....g..$...## #.#
##.@..........#
#.###...w......##..
#.##............... ######
##........†.......##
......##..†...........#.##
.....................##.#
####.....##.......### #
###(##...........>
#####...#.............#


You could see a worm (drained) and a goblin.

Vanquished Creatures
  A gnoll (D:1)
  An adder (D:2)
  A worm (D:2)
  3 bats (D:1)
  3 giant cockroaches
  4 goblins
  4 hobgoblins (D:1)
  3 quokkas
  4 ball pythons (D:1)
  3 frilled lizards (D:1)
  5 kobolds
  4 rats
36 creatures vanquished.

Notes
Turn   | Place    | Note
-------+----------+-------------------------------------------
     0 | D:1      | AgateBread the Hill Orc Reaver began the quest for the Orb.
     0 | D:1      | Reached XP level 1. HP: 18/18 MP: 3/3
   159 | D:1      | Reached XP level 2. HP: 23/25 MP: 4/4
   523 | D:1      | Found a faded altar of an unknown god.
   550 | D:1      | Reached XP level 3. HP: 8/28 MP: 3/5
  1043 | D:2      | Reached skill level 1 in Armour
  1048 | D:2      | Identified the +0 hand axe of Disaster {flame, Dex+4}
  1257 | D:2      | HP: 1/21 [goblin/sling bullet (2)]
  1257 | D:2      | Slain by a worm

Illustrated notes

Levels and vault maps discovered:
D:1:      roderic_chinese_lattice_arrival, layout_basic,
          hellmonk_ecumenical_altar_heavens_door, minmay_three_crescents
D:2:      layout_rooms

Skill      XL: |  1  2  3 |
---------------+----------+-----
Fighting       | 3 |  3.4
Armour         | 1 |  1.2
Axes           | |  4.4
Dodging        | |  1.5
Spellcasting   | |  1.5
Conjurations   | |  3.6

Action                     || total
---------------------------++-------
  Melee: Hand axe          ||   117
  Throw: Boomerang         ||     2
   Cast: Kiss of Death     ||     3
    Use: Potion            ||     2
         Scroll            ||     1
 Armour: Leather armour    ||    40
  Dodge: Dodged            ||   111
